Cogmind - Beta 11 X7 @@@ ROGUE MODE // 2021.10.18 @ 17:26:45 Player: LU-1G1 Result: Destroyed by G-50 Soldier with Heavy Laser Performance ------------- Evolutions (5) 2500 Regions Visited (18) 3600 Robots Destroyed (91) 455 Value Destroyed (2813) 2813 Prototype IDs (242) 4840 Alien Tech Used (0) 0 Bonus (5395) 5395 TOTAL SCORE: 19603 Bonus ------- High Alert Combat Kills 25 Follower Combat Kills 1587 Network Hubs Disabled 200 Aligned with FarCom 300 Met Data Miner 300 Used Data Conduit 3000 A7 Reached Mainframe 300 Friendly Fire -317 Cogmind --------- Core Integrity 0/1000 Matter 236/300 Energy 97/100 System Corruption 31% Temperature Cool (9) Movement Core (50) Location -5/Upper Caves Parts ------- > --- POWER (1) -------- (None) > --- PROPULSION (6) --- (None) > --- UTILITY (8) ------ Salvage Targeting Computer > --- WEAPON (2) ------- (None) > --- INVENTORY (5) ---- Medium Storage Unit Huge Storage Unit Field Recycling Unit (82) Heavy Riot Gun Phasing Sabre Peak State ------------ > --- POWER ------------ Quantum Reactor > --- PROPULSION ------- Improved Treads Centrium Heavy Treads Centrium Heavy Treads > --- UTILITY ---------- Huge Storage Unit Enhanced Optical Array Advanced Signal Interpreter Centrium Medium Armor Plating Improved Hacking Suite Improved Hacking Suite Improved Hacking Suite Ghost Barrier > --- WEAPON ----------- Improved KE Penetrator Improved Proton Missile Launcher > --- INVENTORY -------- Medium Storage Unit Advanced Weight Redist. System Centrium Medium Armor Plating Centrium Medium Armor Plating Improved Hacking Suite Field Recycling Unit Supersonic Drone Bay Coil Gun Improved Proton Missile Launcher Advanced Datajack Phasing Sabre [Rating: 110] Favorites ----------- Power Fission Core Engine Ion Engine Power Core Fission Core Reactor Quantum Reactor Propulsion Light Treads Treads Light Treads Leg Aluminum Leg Wheel Compact Wheel Hover Unit Airjet Flight Unit Cesium-ion Thruster Utility Medium Storage Unit Device Advanced Weight Redist. System Storage Medium Storage Unit Processor Advanced Signal Interpreter Hackware Ghost Barrier Protection Utility Shielding Weapon Light Assault Rifle Energy Gun Small Laser Ballistic Gun Light Assault Rifle Ballistic Cannon Heavy Mass Driver Launcher Grenade Launcher Impact Weapon Heavy Mace Slashing Weapon Phasing Sabre Special Melee Weapon Advanced Datajack Build | -11 -10 -10 -10 -9 -8 -7 -7 -7 -7 -6 -6 -6 -6 -6 -6 -5 -5 -5 ------- Run | Scr Mat Min Exi Min Mat Fac Low Low Dat Pro Fac Ext Cet Arc Hub Fac Upp Upp Slots Evolved 10 | . . . . . 4 2 . . . . 2 . . . . 2 . . Power . | . . . . . . . . . . . . . . . . . . . Propulsion 4 | . . . . . 2 . . . . . 1 . . . . 1 . . Utility 6 | . . . . . 2 2 . . . . 1 . . . . 1 . . Weapon . | . . . . . . . . . . . . . . . . . . . Parts Attached 171 | 6 6 2 2 3 23 34 . 15 3 5 3 13 16 9 5 19 5 2 Power 16 | 1 . . 1 . 1 6 . 1 . 1 1 1 2 . . 1 . . Engine 4 | 1 . . 1 . 1 1 . . . . . . . . . . . . Core 10 | . . . . . . 5 . 1 . 1 1 1 1 . . . . . Reactor 2 | . . . . . . . . . . . . . 1 . . 1 . . Propulsion 49 | 2 . 1 . . 10 12 . 6 . 1 . 3 8 2 . 2 1 1 Treads 13 | 2 . . . . . . . . . . . . 7 2 . 2 . . Leg 2 | . . . . . 2 . . . . . . . . . . . . . Wheel 4 | . . 1 . . 1 1 . . . . . . . . . . . 1 Hover 21 | . . . . . 4 7 . 6 . 1 . 3 . . . . . . Flight 9 | . . . . . 3 4 . . . . . . 1 . . . 1 . Utility 61 | 1 2 . 1 1 5 9 . 7 2 1 2 4 4 6 4 10 2 . Device 18 | . . . . . . 5 . 1 . 1 1 2 . 4 1 2 1 . Storage 9 | 1 1 . 1 . 2 . . 2 . . . . . . . 2 . . Processor 5 | . . . . . 1 . . 1 . . 1 . 1 . . . 1 . Hackware 7 | . . . . . 1 . . . 2 . . . . 1 2 1 . . Protection 22 | . 1 . . 1 1 4 . 3 . . . 2 3 1 1 5 . . Artifact . | . . . . . . . . . . . . . . . . . . . Weapon 45 | 2 4 1 . 2 7 7 . 1 1 2 . 5 2 1 1 6 2 1 Energy Gun 3 | 1 . . . . . . . . . . . 1 . . . . 1 . Energy Cannon . | . . . . . . . . . . . . . . . . . . . Ballistic Gun 12 | 1 2 . . 2 2 2 . . . . . . 1 1 . 1 . . Ballistic Cannon 1 | . . . . . . . . . . . . . . . . 1 . . Launcher 12 | . 2 1 . . 3 2 . . . . . 1 1 . 1 1 . . Special Weapon . | . . . . . . . . . . . . . . . . . . . Impact Weapon 6 | . . . . . 2 2 . . . 1 . 1 . . . . . . Slashing Weapon 9 | . . . . . . 1 . 1 1 1 . 2 . . . 1 1 1 Piercing Weapon . | . . . . . . . . . . . . . . . . . . . Special Melee Weapon 2 | . . . . . . . . . . . . . . . . 2 . . Unidentified Prototypes 5 | . . . . . . 2 . . 2 . . . . . . 1 . . Corrupted Parts 9 | . . . . . . . . . . . . . 6 . . 3 . . System Corruption 36 | . . . . . . . . . . . . . 25 . . 11 . . Parts Lost 55 | . . 2 . 3 11 5 . 2 1 3 . 8 . . . 17 . 3 Power 6 | . . 1 . . 1 1 . . . . . 2 . . . 1 . . Propulsion 17 | . . 1 . . 6 2 . 1 . 1 . 1 . . . 3 . 2 Utility 18 | . . . . 1 1 1 . 1 . 2 . 2 . . . 9 . 1 Weapon 14 | . . . . 2 3 1 . . 1 . . 3 . . . 4 . . Highest Loss Streak 13 | . . 1 . 3 9 5 . 1 1 3 . 4 . . . 13 . 2 Average Slot Usage (%) 79 | . 93 91 95 100 65 84 92 65 80 79 81 77 80 80 86 65 19 5 Engine 3 | . 14 6 9 14 6 . . . . . . . . . . . . . Core 2 | . . . . . . 5 7 5 7 7 6 5 2 . . . . . Reactor 1 | . . . . . . . . . . . . . 3 6 6 3 . . Treads 9 | . 28 26 14 14 5 . . . . . . . 11 13 20 13 5 . Wheel 1 | . . 1 14 14 6 . . . . . . . . . . . . . Hover 9 | . . . . . 2 24 30 24 30 24 20 22 3 . . . . . Device 4 | . . . . . . 14 15 4 . 4 10 9 . 4 . 2 4 . Storage 8 | . 14 14 14 14 9 7 7 5 7 7 6 6 6 6 6 3 . . Processor 4 | . . . . . 8 . . 2 . . 4 6 13 13 13 7 3 5 Hackware 6 | . . . . . 1 7 7 3 6 15 13 10 6 12 19 16 . . Protection 9 | . 7 14 14 14 5 6 15 13 23 11 6 8 17 7 6 6 . . Ballistic Gun 8 | . 21 26 14 27 8 4 . . . . . . 1 5 6 2 . . Launcher 2 | . 5 1 14 . . . . . . . . . 4 . 2 2 . . Impact Weapon 1 | . . . . . 2 5 . . . 4 6 1 . . . . . . Slashing Weapon 2 | . . . . . . . 7 4 5 1 6 3 6 6 3 . . . Naked Turns 10 | . . . . . . . . 10 . . . . . . . . . . Heaviest Build 121 | 12 28 28 48 48 49 32 31 31 31 30 29 55 57 57 55 121 4 1 Greatest Support 183 | 40 40 40 16 16 20 32 32 32 32 36 36 46 160 183 183 183 27 10 Greatest Overweight (x) 9 | . . 1 2 2 3 9 . 1 . . . 2 1 . . 1 . . Average Overweight (x) . | . . . 1 2 1 . . . . . . . . . . . . . Largest Inventory Capacity 25 | 8 15 15 20 20 20 10 10 20 10 10 10 10 10 10 10 25 5 5 Average Capacity 11 | 7 10 15 19 20 15 10 10 8 10 10 10 10 10 10 10 16 5 5 Most Carried 15 | 5 14 14 15 15 15 10 10 10 10 10 10 10 10 10 10 11 5 5 Average Carried 9 | 2 7 13 14 13 12 9 10 7 9 8 9 9 7 9 10 7 4 4 Final Capacity 20 | 8 15 15 20 20 10 10 10 10 10 10 10 10 10 10 10 5 5 5 Final Carried 15 | 4 14 13 15 14 10 10 10 10 10 9 10 9 9 10 10 5 5 5 Class Distribution -------------------- 53% | Mutant 23% | Hacker-Mutant 16% | Scavenger-Mutant 3% | Commander-Mutant Dominant Class ---------------- Mutant | -10/Materials Mutant | -10/Mines Mutant | -10/Exiles Mutant | -9/Mines Mutant | -8/Materials Mutant | -7/Factory Mutant | -7/Lower Caves Mutant | -7/Lower Caves Hacker-Mutant | -7/Data Miner Hacker-Mutant | -6/Proximity Caves Hacker-Mutant | -6/Factory Hacker-Mutant | -6/Extension Scavenger-Mutant | -6/Cetus Scavenger-Mutant | -6/Archives Hacker-Mutant | -6/Hub_04(d) Hacker-Mutant | -5/Factory Mutant | -5/Upper Caves Mutant | -5/Upper Caves Resources | -11 -10 -10 -10 -9 -8 -7 -7 -7 -7 -6 -6 -6 -6 -6 -6 -5 -5 -5 ----------- Run | Scr Mat Min Exi Min Mat Fac Low Low Dat Pro Fac Ext Cet Arc Hub Fac Upp Upp Matter Collected 2921 | 264 126 368 55 134 70 456 166 25 25 45 . 294 169 308 82 177 76 81 Remotely . | . . . . . . . . . . . . . . . . . . . Salvage Created 3267 | 81 378 383 . 112 281 84 161 25 25 . . 427 63 472 461 314 . . Parts 187 | 1 48 24 . 5 14 8 2 4 3 . . 13 . 34 15 16 . . Haulers Intercepted 1 | . 1 . . . . . . . . . . . . . . . . . Recyclers Shooed 2 | . . . . 1 1 . . . . . . . . . . . . . Parts Field Recycled 20 | . . . . . . 5 . . . . . . . 15 . . . . Retrieved Matter 125 | . . . . . . 7 . . . . . . . 118 . . . . Parts Self-Destructed 6 | . . . . . . . 2 . . . . . . . . . 4 . Prevented 2 | . . . . . . . 2 . . . . . . . . . . . Kills | -11 -10 -10 -10 -9 -8 -7 -7 -7 -7 -6 -6 -6 -6 -6 -6 -5 -5 -5 ------- Run | Scr Mat Min Exi Min Mat Fac Low Low Dat Pro Fac Ext Cet Arc Hub Fac Upp Upp Combat Hostiles Destroyed 57 | . 10 5 . 3 14 4 . 1 . . . 6 1 2 6 5 . . Melee 7 | . . . . . . . . 1 . . . 6 . . . . . . Guns 12 | . 1 4 . 2 1 2 . . . . . . . 2 . . . . Cannons 2 | . . . . . . . . . . . . . . . . 2 . . AOE 33 | . 9 1 . 1 13 2 . . . . . . 1 . 4 2 . . Classes Destroyed 14 | 1 8 . . 1 . . . 1 . . . 1 . 1 . 1 . . Worker 5 | . 3 1 . . 1 . . . . . . . . . . . . . Builder 3 | . 1 . . . . 1 . . . . . . . . . 1 . . Tunneler 1 | . 1 . . . . . . . . . . . . . . . . . Hauler 1 | . 1 . . . . . . . . . . . . . . . . . Recycler 6 | 1 . 3 . . 1 . . . . . . 1 . . . . . . Operator 13 | . 2 . . . . . . . . . . . . 9 2 . . . Watcher 4 | . 3 . . . . . . . . . . 1 . . . . . . Swarmer 18 | . 3 1 . . 8 4 . . . . . 2 . . . . . . Grunt 31 | . 7 4 . 2 6 . . . . . . 2 1 . 5 4 . . Brawler 1 | . . . . 1 . . . . . . . . . . . . . . Sentry 3 | . . . . . . . . . . . . . . 2 1 . . . Specialist 1 | . . . . . . . . . . . . . . . . 1 . . Programmer 1 | . . . . . . . . . . . . 1 . . . . . . Master Thief 1 | . . . . . . . . 1 . . . . . . . . . . Savage 1 | . . . . . . . . . . . . 1 . . . . . . Best Kill Streak 12 | 1 5 3 . 2 12 4 . 1 1 . . 3 1 5 6 4 . . Combat Bots Only 10 | . 5 2 . 2 10 4 . 1 . . . 3 1 2 5 3 . . Max Kills in Single Turn 5 | 1 2 1 . 1 5 2 . 1 1 . . 1 1 1 3 2 . . Gunslinging . | . . . . . . . . . . . . . . . . . . . Exploded 5 | . 2 1 . 1 5 2 . . . . . . 1 . 2 2 . . Melee 1 | . . . . . . . . 1 . . . 1 . . . . . . Uniques/NPCs Destroyed 1 | . . . . . . . . . 1 . . . . . . . . . Data Miner (-7/Data Miner) Combat | -11 -10 -10 -10 -9 -8 -7 -7 -7 -7 -6 -6 -6 -6 -6 -6 -5 -5 -5 -------- Run | Scr Mat Min Exi Min Mat Fac Low Low Dat Pro Fac Ext Cet Arc Hub Fac Upp Upp Damage Taken 10326 | . 228 400 . 293 1243 427 154 348 142 153 66 1115 122 176 354 4266 617 222 Core 2142 | . 58 102 . 48 385 90 32 74 50 22 22 247 . . 12 591 244 165 Absorbed by Shields 114 | . . . . . . . . . . . . 103 11 . . . . . Reduced by Siege Mode 82 | . . . . . . . . . . . . . . . . 82 . . Core Remaining (%) 54 | 100 . . . 16 30 . . . . 61 . . . . 66 . . . Volleys Fired 199 | 4 39 35 1 19 15 14 . . . . . 2 6 22 6 33 3 . Largest 2 | 2 2 2 1 2 2 1 . . . . . 1 1 1 1 1 1 . Hottest 75 | 60 60 40 30 40 50 30 . . . . . 43 43 43 43 75 60 . Shots Fired 274 | 8 57 67 1 35 18 14 . . . . . 3 8 21 6 33 3 . Gun 198 | 8 37 64 . 34 8 12 . . . . . . 1 20 2 9 3 . Cannon 6 | . . . . . . . . . . . . . . . . 6 . . Launcher 70 | . 20 3 1 1 10 2 . . . . . 3 7 1 4 18 . . Special . | . . . . . . . . . . . . . . . . . . . Kinetic 190 | 4 30 64 . 34 8 12 . . . . . . 1 20 2 15 . . Thermal 11 | 4 7 . . . . . . . . . . . . . . . . . Explosive 37 | . 20 3 1 1 10 2 . . . . . . . . . . . . Electromagnetic 36 | . . . . . . . . . . . . 3 7 1 4 18 3 . Robot Hit Streak 39 | 2 7 17 . 5 8 4 . . . . . 2 2 3 7 39 1 . Robot Miss Streak 4 | 2 4 2 . 2 2 4 . . . . . 1 2 3 . . 4 . Penetration Max 1 | . . . . . . . . . . . . . . 1 . 1 . . Secondary Targets 1 | . . . . 1 . . . . . . . . . . . . . . Max Gunslinging Chain 1 | . . . . 1 . . . . . . . . . . . . . . Shots Hit Robots 244 | 4 32 52 . 22 11 8 5 6 1 . . 26 2 28 4 40 3 . Core Hits 184 | 2 35 27 . 7 30 7 3 1 1 . . 17 9 15 11 19 . . Critical Kills 2 | . . . . . . . . . . . . . . 2 . . . . Critical Parts Destroyed . | . . . . . . . . . . . . . . . . . . . Critical Strikes 2 | . . . . . . . . . . . . . . 2 . . . . Destroy 2 | . . . . . . . . . . . . . . 2 . . . . Melee Attacks 99 | . . . . . 10 4 7 10 5 . . 33 . 17 2 8 2 1 Impact 17 | . . . . . 10 3 . . . . . 4 . . . . . . Slashing 74 | . . . . . . 1 7 10 5 . . 29 . 17 2 . 2 1 Piercing . | . . . . . . . . . . . . . . . . . . . Sneak Attacks 19 | . . . . . . . . . 1 . . 1 . 9 . 8 . . Combat Hostiles 8 | . . . . . . . . . . . . . . . . 8 . . Follow-up Attacks 3 | . . . . . . . . . . . . 3 . . . . . . Damage Inflicted 10539 | 38 1028 517 . 250 1090 243 630 301 186 . . 1150 277 2270 800 1690 69 . Guns 1606 | 38 211 402 . 190 43 113 . . . . . . 30 361 . 210 8 . Cannons 432 | . . . . . . . . . . . . . . . . 432 . . Explosions 4441 | . 817 104 . 60 1047 130 . . . . . 164 247 24 800 1048 . . Melee 4041 | . . . . . . . 630 301 186 . . 978 . 1885 . . 61 . Ramming 19 | . . 11 . . . . . . . . . 8 . . . . . . Kinetic 1977 | 17 179 402 . 190 43 113 . . . . . . 30 361 . 642 . . Thermal 145 | 21 32 . . . . . . . . . . . 39 . . 53 . . Explosive 2413 | . 817 104 . 60 1047 130 . . . . . . . . . 255 . . Electromagnetic 1944 | . . . . . . . . . . . . 164 208 24 800 740 8 . Impact 163 | . . . . . . . . . . . . 163 . . . . . . Slashing 3878 | . . . . . . . 630 301 186 . . 815 . 1885 . . 61 . Piercing . | . . . . . . . . . . . . . . . . . . . Highest Corruption 32 | . . . . . . . . . . . . 5 32 32 15 31 31 31 Average Corruption 15 | . . . . . . . . . . . . 4 26 23 14 12 31 31 Corruption Purged 18 | . . . . . . . . . . . . . . 18 . . . . Effects 118 | . . . . . . . . . . . . 30 17 38 4 7 17 5 Message Errors 29 | . . . . . . . . . . . . 11 5 9 . . 3 1 Matter Fused 27 | . . . . . . . . . . . . 6 6 11 1 1 1 1 Heat Flow Errors 15 | . . . . . . . . . . . . 1 1 6 1 2 4 . Energy Discharges 10 | . . . . . . . . . . . . 4 1 2 1 2 . . Parts Rejected 4 | . . . . . . . . . . . . 1 1 1 . 1 . . Data Loss (minor) 13 | . . . . . . . . . . . . 3 2 5 1 1 . 1 Data Loss (major) 6 | . . . . . . . . . . . . 3 . 3 . . . . Misfires 2 | . . . . . . . . . . . . 1 1 . . . . . Alerts 2 | . . . . . . . . . . . . . . . . . 2 . Misdirections 9 | . . . . . . . . . . . . . . . . . 7 2 Weapon Failures 1 | . . . . . . . . . . . . . . 1 . . . . Overload Shots . | . . . . . . . . . . . . . . . . . . . Overflow Damage 1050 | . 18 6 . . . . 34 47 . . . 135 . 728 . 77 5 . Projectiles 49 | . . . . . . . . . . . . . . . . 49 . . Explosions 52 | . 18 6 . . . . . . . . . . . . . 28 . . Melee 949 | . . . . . . . 34 47 . . . 135 . 728 . . 5 . Knockbacks 5 | . . . . . . . . . . . . 1 . . . 4 . . Impact 1 | . . . . . . . . . . . . 1 . . . . . . Kinetic 4 | . . . . . . . . . . . . . . . . 4 . . Secondary . | . . . . . . . . . . . . . . . . . . . Self-Inflicted Damage 648 | . 60 48 . 27 . 1 . . . . . 21 11 . 100 380 . . Shots 26 | . 3 2 . 1 . 1 . . . . . 1 1 . 1 16 . . Rammed 5 | . . 2 . . 1 . . . . . . 2 . . . . . . Targets Rammed 5 | . . 2 . . 1 . . . . . . 2 . . . . . . Kicked . | . . . . . . . . . . . . . . . . . . . Crushed . | . . . . . . . . . . . . . . . . . . . Highest Temperature 311 | 40 20 30 . 49 25 13 3 . 3 . . 240 279 262 246 224 311 . Average Temperature 70 | 18 10 10 . 20 10 6 3 . 3 . . 93 102 105 93 76 136 . Received Heat Transfer 2629 | . 75 147 . 147 612 48 21 . 18 24 . 223 18 9 96 1074 72 45 Siege Activations 1 | . . . . . . . . . . . . . . . . 1 . . Total Turns 33 | . . . . . . . . . . . . . . . . 33 . . Longest Duration 33 | . . . . . . . . . . . . . . . . 33 . . Robots Corrupted 3 | . . . . . . . . . . . . . . . 2 1 . . Combat Hostiles 3 | . . . . . . . . . . . . . . . 2 1 . . Parts Fried 12 | . . . . . . . . . . . . 3 1 . 7 1 . . Impact Corruptions 3 | . . . . . . . . . . . . 3 . . . . . . Robots Melted . | . . . . . . . . . . . . . . . . . . . Combat Hostiles . | . . . . . . . . . . . . . . . . . . . Parts Melted . | . . . . . . . . . . . . . . . . . . . Heat Transferred 225 | 50 75 . . . . . . . . . . . 50 . . 50 . . Parts Sabotaged . | . . . . . . . . . . . . . . . . . . . Parts Stolen 6 | . . . . . . . . 5 . . . . . . . . 1 . Parts Stripped . | . . . . . . . . . . . . . . . . . . . Power Chain Reactions 4 | . . . . . . . . . . . . . 2 . . 2 . . Missiles Intercepted . | . . . . . . . . . . . . . . . . . . . Alert | -11 -10 -10 -10 -9 -8 -7 -7 -7 -7 -6 -6 -6 -6 -6 -6 -5 -5 -5 ------- Run | Scr Mat Min Exi Min Mat Fac Low Low Dat Pro Fac Ext Cet Arc Hub Fac Upp Upp Peak Influence 550 | 5 312 254 . 55 372 216 . . . . 44 550 542 416 506 321 . . Initial 247 | . 3 43 . . 21 80 . . . . 18 21 231 216 77 247 . . Average 171 | 3 148 119 . 48 81 125 . . . . 32 160 381 302 171 212 . . Maximum Alert Level 2 | . 1 1 . . 1 1 . . . . . 2 2 2 2 1 . . Low Security (%) 61 | 100 63 96 . 100 90 89 . . . . 100 71 . . 65 19 . . Level 1 28 | . 36 3 . . 9 10 . . . . . 14 64 68 32 80 . . Level 2 9 | . . . . . . . . . . . . 13 35 31 2 . . . Level 3 . | . . . . . . . . . . . . . . . . . . . Level 4 . | . . . . . . . . . . . . . . . . . . . Level 5 . | . . . . . . . . . . . . . . . . . . . High Security . | . . . . . . . . . . . . . . . . . . . Max Security . | . . . . . . . . . . . . . . . . . . . Squads Dispatched 21 | . 3 . . . 4 6 . . . . . 3 . . 2 3 . . Investigation 10 | . 1 . . . 3 3 . . . . . 2 . . 1 . . . Extermination 1 | . . . . . . 1 . . . . . . . . . . . . Reinforcement 10 | . 2 . . . 1 2 . . . . . 1 . . 1 3 . . Assault . | . . . . . . . . . . . . . . . . . . . Garrison . | . . . . . . . . . . . . . . . . . . . Intercept . | . . . . . . . . . . . . . . . . . . . Construction Impeded 2 | . . . . . . . . . . . . 1 . . . 1 . . Haulers Reinforced . | . . . . . . . . . . . . . . . . . . . Active Scanning Responses . | . . . . . . . . . . . . . . . . . . . Cargo Convoy Interrupts . | . . . . . . . . . . . . . . . . . . . Stealth | -11 -10 -10 -10 -9 -8 -7 -7 -7 -7 -6 -6 -6 -6 -6 -6 -5 -5 -5 --------- Run | Scr Mat Min Exi Min Mat Fac Low Low Dat Pro Fac Ext Cet Arc Hub Fac Upp Upp Distress Signals 4 | . 2 . . . . . . . . . . . 1 1 . . . . Communications Jammed . | . . . . . . . . . . . . . . . . . . . Distress Signals . | . . . . . . . . . . . . . . . . . . . Times Spotted 197 | . 17 9 . 5 22 13 2 7 4 3 1 39 6 26 10 17 10 6 Peak Tracking Total 9 | . 3 6 9 3 8 4 2 6 4 2 1 5 4 2 5 9 4 6 Tactical Retreats 22 | . 1 2 . . . 5 1 1 . 2 . 4 . . . 2 4 . Traps | -11 -10 -10 -10 -9 -8 -7 -7 -7 -7 -6 -6 -6 -6 -6 -6 -5 -5 -5 ------- Run | Scr Mat Min Exi Min Mat Fac Low Low Dat Pro Fac Ext Cet Arc Hub Fac Upp Upp Traps Triggered 7 | . . . . . . 1 . . . . 1 3 . . . . 2 . Indirectly . | . . . . . . . . . . . . . . . . . . . Trap Hack Attempts . | . . . . . . . . . . . . . . . . . . . Triggered . | . . . . . . . . . . . . . . . . . . . Disarmed . | . . . . . . . . . . . . . . . . . . . Reprogrammed . | . . . . . . . . . . . . . . . . . . . Reused . | . . . . . . . . . . . . . . . . . . . Traps Extracted . | . . . . . . . . . . . . . . . . . . . Installed . | . . . . . . . . . . . . . . . . . . . Triggered 4 | . . . . . . . 1 . . . . . . . . . 3 . Machines | -11 -10 -10 -10 -9 -8 -7 -7 -7 -7 -6 -6 -6 -6 -6 -6 -5 -5 -5 ---------- Run | Scr Mat Min Exi Min Mat Fac Low Low Dat Pro Fac Ext Cet Arc Hub Fac Upp Upp Machines Disabled 26 | . 3 . 1 1 . . . . . . . 3 3 3 6 6 . . Max in Single Turn 5 | . 1 . 1 1 . . . . . . . 1 1 1 5 3 . . Garrison Access 1 | . . . . . . . . . . . 1 . . . . . . . Network Hub 1 | . . . . . . . . . . . . . . . 1 . . . Machines Sabotaged . | . . . . . . . . . . . . . . . . . . . Garrisons Compromised . | . . . . . . . . . . . . . . . . . . . Overloaded Fab Kills . | . . . . . . . . . . . . . . . . . . . Fab Network Shutdowns . | . . . . . . . . . . . . . . . . . . . Hacking | -11 -10 -10 -10 -9 -8 -7 -7 -7 -7 -6 -6 -6 -6 -6 -6 -5 -5 -5 --------- Run | Scr Mat Min Exi Min Mat Fac Low Low Dat Pro Fac Ext Cet Arc Hub Fac Upp Upp Machines Accessed 37 | . 5 . 2 . 4 6 . . 3 . 4 10 . . 1 2 . . Terminals 29 | . 4 . . . 4 5 . . . . 3 10 . . 1 2 . . Fabricators . | . . . . . . . . . . . . . . . . . . . Repair Stations . | . . . . . . . . . . . . . . . . . . . Recycling Units 1 | . 1 . . . . . . . . . . . . . . . . . Scanalyzers . | . . . . . . . . . . . . . . . . . . . Garrison Access 2 | . . . . . . 1 . . . . 1 . . . . . . . Total Hacks 146 | . 18 . 2 . 11 21 . . 19 . 20 35 . . 2 18 . . Successful 68 | . 5 . 2 . 3 7 . . 19 . 10 10 . . . 12 . . Failed 78 | . 13 . . . 8 14 . . . . 10 25 . . 2 6 . . Catastrophic 21 | . 2 . . . 2 3 . . . . 3 9 . . 1 1 . . Database Lockouts . | . . . . . . . . . . . . . . . . . . . Manual 82 | . 18 . 1 . 7 9 . . . . 14 14 1 . 2 16 . . Terminals 121 | . 17 . . . 11 19 . . . . 19 35 . . 2 18 . . Fabricators . | . . . . . . . . . . . . . . . . . . . Repair Stations . | . . . . . . . . . . . . . . . . . . . Recycling Units 1 | . 1 . . . . . . . . . . . . . . . . . Scanalyzers . | . . . . . . . . . . . . . . . . . . . Garrison Access 3 | . . . . . . 2 . . . . 1 . . . . . . . Terminal Hacks 57 | . 3 . 2 . 3 5 . . 19 . 6 9 . . . 10 . . Record 7 | . . . 1 . . . . . 6 . . . . . . . . . Part Schematic 8 | . . . . . . 2 . . 4 . . . . . . 2 . . Robot Schematic 7 | . 1 . . . . . . . 6 . . . . . . . . . Prototype ID Bank 4 | . . . . . . . . . 3 . 1 . . . . . . . Open Door 6 | . . . . . . . . . . . 1 5 . . . . . . Level Access Points 1 | . . . . . 1 . . . . . . . . . . . . . Branch Access Points 3 | . . . . . 1 1 . . . . . . . . . 1 . . Machine Index 1 | . . . . . . 1 . . . . . . . . . . . . Alert Level 2 | . . . . . . . . . . . 1 1 . . . . . . Unreport Threat 3 | . . . . . . . . . . . . . . . . 3 . . Locate Traps 1 | . . . . . . . . . . . 1 . . . . . . . Dispatch Records 1 | . . . . . . . . . . . . 1 . . . . . . Surveillance Status 1 | . . . . . . . . . . . . 1 . . . . . . Recall Investigation 1 | . . . . . . 1 . . . . . . . . . . . . Recall Reinforcements 2 | . . . . . . . . . . . . . . . . 2 . . Hauler Manifests 1 | . . . . . 1 . . . . . . . . . . . . . Zone Layout 7 | . 2 . . . . . . . . . 2 1 . . . 2 . . EX-Prototype ID Bank 1 | . . . 1 . . . . . . . . . . . . . . . Fabricator Hacks . | . . . . . . . . . . . . . . . . . . . Repair Station Hacks . | . . . . . . . . . . . . . . . . . . . Recycling Unit Hacks . | . . . . . . . . . . . . . . . . . . . Scanalyzer . | . . . . . . . . . . . . . . . . . . . Garrison Access Hacks 1 | . . . . . . . . . . . 1 . . . . . . . Seal Access 1 | . . . . . . . . . . . 1 . . . . . . . Unauthorized Hacks 10 | . 2 . . . . 2 . . . . 3 1 . . . 2 . . Terminals 9 | . 1 . . . . 2 . . . . 3 1 . . . 2 . . Botnet 5 | . 1 . . . . 1 . . . . 2 . . . . 1 . . Operators 4 | . . . . . . 1 . . . . 1 1 . . . 1 . . Fabricators . | . . . . . . . . . . . . . . . . . . . Repair Stations . | . . . . . . . . . . . . . . . . . . . Recycling Units 1 | . 1 . . . . . . . . . . . . . . . . . Tunnel 1 | . 1 . . . . . . . . . . . . . . . . . Scanalyzers . | . . . . . . . . . . . . . . . . . . . Garrison Access . | . . . . . . . . . . . . . . . . . . . Data Cores Recovered . | . . . . . . . . . . . . . . . . . . . Used . | . . . . . . . . . . . . . . . . . . . Hacking Detections 24 | . 4 . . . 4 6 . . . . 1 7 . . 1 1 . . Full Trace Events 8 | . . . . . 3 2 . . . . . 2 . . 1 . . . Feedback Events . | . . . . . . . . . . . . . . . . . . . Feedback Blocked . | . . . . . . . . . . . . . . . . . . . Robot Schematics Acquired 7 | . 1 . . . . . . . 6 . . . . . . . . . Robots Built . | . . . . . . . . . . . . . . . . . . . Matter . | . . . . . . . . . . . . . . . . . . . Time . | . . . . . . . . . . . . . . . . . . . Total Robot Build Rating . | . . . . . . . . . . . . . . . . . . . Part Schematics Acquired 8 | . . . . . . 2 . . 4 . . . . . . 2 . . Parts Built . | . . . . . . . . . . . . . . . . . . . Matter . | . . . . . . . . . . . . . . . . . . . Time . | . . . . . . . . . . . . . . . . . . . Total Part Build Rating . | . . . . . . . . . . . . . . . . . . . Parts Repaired . | . . . . . . . . . . . . . . . . . . . Time . | . . . . . . . . . . . . . . . . . . . Parts Recycled . | . . . . . . . . . . . . . . . . . . . Recycled Matter . | . . . . . . . . . . . . . . . . . . . Retrieved Matter . | . . . . . . . . . . . . . . . . . . . Retrieved Components . | . . . . . . . . . . . . . . . . . . . Parts Scanalyzed . | . . . . . . . . . . . . . . . . . . . Part Schematics Acquired . | . . . . . . . . . . . . . . . . . . . Parts Damaged . | . . . . . . . . . . . . . . . . . . . Bothacking | -11 -10 -10 -10 -9 -8 -7 -7 -7 -7 -6 -6 -6 -6 -6 -6 -5 -5 -5 ------------ Run | Scr Mat Min Exi Min Mat Fac Low Low Dat Pro Fac Ext Cet Arc Hub Fac Upp Upp Used RIF Installer . | . . . . . . . . . . . . . . . . . . . Robots Hacked . | . . . . . . . . . . . . . . . . . . . Non-combat . | . . . . . . . . . . . . . . . . . . . Combat . | . . . . . . . . . . . . . . . . . . . Robot Hacks Applied . | . . . . . . . . . . . . . . . . . . . Relay Couplers Released . | . . . . . . . . . . . . . . . . . . . Robots Rewired 25 | . . . . . . . . . . . . 24 . . . 1 . . Allies Hacked . | . . . . . . . . . . . . . . . . . . . Hacks Repelled . | . . . . . . . . . . . . . . . . . . . Allies | -11 -10 -10 -10 -9 -8 -7 -7 -7 -7 -6 -6 -6 -6 -6 -6 -5 -5 -5 -------- Run | Scr Mat Min Exi Min Mat Fac Low Low Dat Pro Fac Ext Cet Arc Hub Fac Upp Upp Total Allies 36 | . . 3 . . . . . . . . . 31 1 . . 1 . . Largest Group 16 | . . 3 . . . . . . . . . 16 3 2 1 1 . . Highest-Rated Group 552 | . . 40 . . . . . . . . . 552 247 247 95 95 . . Highest-Rated Ally 159 | . . 16 . . . . . . . . . 159 159 152 95 95 . . Total Orders 4 | . . . . . . 2 . . . . . . . . 1 . 1 . EXPLORE 2 | . . . . . . 1 . . . . . . . . . . 1 . RETURN 2 | . . . . . . 1 . . . . . . . . 1 . . . Ally Attacks 172 | . . 7 . . . . . . . . . 113 33 11 1 7 . . Total Damage 4363 | . . 59 . . . . . . . . . 2800 947 425 48 84 . . Kills 39 | . . 2 . . . . . . . . . 23 11 2 1 . . . Allies Corrupted 1 | . . . . . . . . . . . . 1 . . . . . . Allies Melted . | . . . . . . . . . . . . . . . . . . . Intel | -11 -10 -10 -10 -9 -8 -7 -7 -7 -7 -6 -6 -6 -6 -6 -6 -5 -5 -5 ------- Run | Scr Mat Min Exi Min Mat Fac Low Low Dat Pro Fac Ext Cet Arc Hub Fac Upp Upp Robot Analysis Total 126 | . . . . . . . . . 126 . . . . . . . . . Derelict Logs Recovered 5 | . . . . . . . 2 . . 2 . . . . . . 1 . Drone Launches 3 | . . . . . . 1 . . . . . . . . 1 . 1 . Drone Recoveries 2 | . . . . . . 1 . . . . . . . . 1 . . . Exploration | -11 -10 -10 -10 -9 -8 -7 -7 -7 -7 -6 -6 -6 -6 -6 -6 -5 -5 -5 ------------- Run | Scr Mat Min Exi Min Mat Fac Low Low Dat Pro Fac Ext Cet Arc Hub Fac Upp Upp Turns Passed 6769 | 113 834 436 455 180 476 563 179 229 64 150 129 1275 375 732 87 237 205 50 Spaces Moved 5347 | 57 331 213 355 99 264 793 350 325 97 298 246 933 170 200 38 77 430 71 Core 231 | 3 . . . . . 1 . 5 . . . . . . . 22 139 61 Treads 1034 | 54 331 178 . . . . . . . . . . 170 200 38 55 8 . Legs 10 | . . . . . 10 . . . . . . . . . . . . . Wheels 648 | . . 35 355 99 149 8 . . . . . . . . . . . 2 Hover 2969 | . . . . . 21 704 350 320 97 298 246 933 . . . . . . Flight 455 | . . . . . 84 80 . . . . . . . . . . 283 8 Fastest Speed 29 | 50 160 115 115 130 32 29 45 45 45 45 48 45 160 160 160 50 35 35 Average Speed 80 | 154 160 152 126 130 100 51 45 46 45 47 48 51 177 160 160 137 42 49 Slowest Speed 520 | 160 160 160 130 130 295 520 45 108 45 48 48 171 260 160 160 270 170 80 Overloaded Moves . | . . . . . . . . . . . . . . . . . . . Propulsion Burnouts . | . . . . . . . . . . . . . . . . . . . Robots Hopped 2 | . . . . . . . . . . . . . . . . . . 2 Cave-ins Triggered 1 | . . . . . . . . . . . . . . . . 1 . . Exploration Rate (%) 42 | 4 54 32 69 24 35 28 59 48 77 52 6 86 66 83 13 5 61 10 Regions Visited 18 Branch Regions 13 Pre-discovered Areas 27 | . 1 . 1 . . . . . 25 . . . . . . . . . Known Exits Taken 7 | . . . . . 1 1 . . . . 1 1 . 1 1 1 . . Unknown Exits Taken 11 | 1 1 1 1 1 . . 1 1 1 1 . . 1 . . . 1 . Scrap Searched 7 | . . 1 . 1 . . 1 1 . 3 . . . . . . . . Spaces Dug 20 | . . . . . 8 4 2 2 . . . 1 . . 2 . . 1 Terrain Destroyed 443 | . 116 22 . 8 35 15 2 2 . . . 1 . 6 168 67 . 1 Melee 20 | . . . . . 8 4 2 2 . . . 1 . . 2 . . 1 Projectile 10 | . . . . . . . . . . . . . . 6 . 4 . . AOE 413 | . 116 22 . 8 27 11 . . . . . . . . 166 63 . . Terrain Rammed . | . . . . . . . . . . . . . . . . . . . Walls Destroyed . | . . . . . . . . . . . . . . . . . . . Machines Disabled . | . . . . . . . . . . . . . . . . . . . Actions | -11 -10 -10 -10 -9 -8 -7 -7 -7 -7 -6 -6 -6 -6 -6 -6 -5 -5 -5 --------- Run | Scr Mat Min Exi Min Mat Fac Low Low Dat Pro Fac Ext Cet Arc Hub Fac Upp Upp Total 7422 | 74 584 268 359 122 443 934 358 379 105 307 256 1682 237 563 52 169 447 83 Wait 1202 | . 194 17 . . 113 45 . 13 . . 3 446 29 306 2 22 2 10 Move 5327 | 56 330 212 354 98 263 792 349 324 96 297 245 933 169 199 37 76 429 68 Hop 1 | . . . . . . . . . . . . . . . . . . 1 Pick Up 71 | 7 12 . 2 2 4 13 1 10 1 2 3 2 5 5 . 1 1 . Fast Attach 84 | 4 1 . . . 11 17 . 11 2 3 1 8 9 6 . 7 3 1 Attach 59 | 2 . 1 1 3 9 13 . 3 1 2 1 3 5 1 . 11 2 1 Detach 28 | . . . . . 6 9 . 3 . . . 2 1 . . 4 2 1 Swap 28 | . 5 1 1 . 3 4 . 1 . . 1 2 2 2 5 1 . . Drop 74 | 1 3 . . . 8 23 1 4 . 3 2 5 11 5 . 5 3 . Fire 199 | 4 39 35 1 19 15 14 . . . . . 2 6 22 6 33 3 . Melee 95 | . . . . . 10 4 7 10 5 . . 29 . 17 2 8 2 1 Ram 2 | . . . . . 1 . . . . . . 1 . . . . . . Kick . | . . . . . . . . . . . . . . . . . . . Crush 2 | . . 2 . . . . . . . . . . . . . . . . Escape Stasis 25 | . . . . . . . . . . . . 25 . . . . . . Rewire 225 | . . . . . . . . . . . . 224 . . . 1 . . Trap . | . . . . . . . . . . . . . . . . . . . Miscellaneous . | . . . . . . . . . . . . . . . . . . . Route ------- -11/Scrapyard -10/Materials -10/Mines (discovered 3 exits: [*Mat x2] / *Exi) -10/Exiles -9/Mines -8/Materials (discovered 3 exits: *Fac x3) -7/Factory (discovered 2 exits: *Low x2) -7/Lower Caves -7/Lower Caves (discovered 2 exits: *Fac / *Dat) -7/Data Miner -6/Proximity Caves -6/Factory -6/Extension (discovered 2 exits: *Fac / *Cet) -6/Cetus -6/Archives (discovered 3 exits: *Fac / *Hub x2) -6/Hub_04(d) -5/Factory (discovered 2 exits: *Upp x2) -5/Upper Caves -5/Upper Caves History --------- Turn | Location | Event 19 | -11/Scrapyard | Discovered new exit (range 14) 114 | -11/Scrapyard | Entered Materials 304 | -10/Materials | Build established: Mutant 632 | -10/Materials | Discovered new exit (range 13) 948 | -10/Materials | Entered Mines 953 | -10/Mines | Discovered new exit (range 6) 1080 | -10/Mines | Discovered new exit (range 9) 1260 | -10/Mines | Deemed a non-threat by the Exiles lab entrance 1262 | -10/Mines | Discovered new exit (range 5) 1300 | -10/Mines | Assisted by bots powering up and referring to "LRC-V3" 1331 | -10/Mines | Core integrity fell below 50% 1342 | -10/Mines | Excavation squad dispatched 1342 | -10/Mines | A large section of the Mines collapsed 1384 | -10/Mines | Entered Exiles 1412 | -10/Exiles | Met 8R-AWN 1430 | -10/Exiles | Met EX-HEX 1503 | -10/Exiles | Met EX-DEC 1525 | -10/Exiles | Learned location of Zion (-6) 1556 | -10/Exiles | Met EX-BIN 1574 | -10/Exiles | Aligned with FarCom system 1575 | -10/Exiles | Given EX-Vault access code 1606 | -10/Exiles | Opened EX-Vault 1617 | -10/Exiles | Found Supersonic Drone Bay 1646 | -10/Exiles | Warned to stay clear of 0b10 Research branches 1748 | -10/Exiles | Discovered new exit (range 14) 1803 | -10/Exiles | Attacked by the Exiles 1839 | -10/Exiles | Left Exiles lab with Supersonic Drone Bay 1839 | -10/Exiles | Entered Mines 1904 | -9/Mines | Lost 3 parts (1u2w) 2009 | -9/Mines | Discovered new exit (range 9) 2014 | -9/Mines | Core integrity fell below 20% 2019 | -9/Mines | Entered Materials 2019 | -8/Materials | Evolved 4 slots: Propulsion x2, Utility x2 2115 | -8/Materials | Identified exit to Factory 2353 | -8/Materials | Lost 9 parts (1p4n1u3w) 2384 | -8/Materials | Core integrity fell below 50% 2410 | -8/Materials | Destroyed 10 combat bots 2495 | -8/Materials | Entered Factory 2495 | -7/Factory | Evolved 2 slots: Utility x2 2586 | -7/Factory | Lost 5 parts (1p2n1u1w) 3031 | -7/Factory | Identified exit to Lower Caves 3058 | -7/Factory | Entered Lower Caves 3061 | -7/Lower Caves | Learned 4 Factory zone layouts 3064 | -7/Lower Caves | Spotted B-75 Beast 3165 | -7/Lower Caves | Learned Factory garrison access intel 3215 | -7/Lower Caves | Encountered a Warlord checkpoint 3231 | -7/Lower Caves | Discovered new exit (range 15) 3237 | -7/Lower Caves | Entered another Lower Caves area 3260 | -7/Lower Caves | Discovered new exit (range 5) 3335 | -7/Lower Caves | Spotted Y0-PUR(f) 3335 | -7/Lower Caves | Spotted D9-5CC(f) 3336 | -7/Lower Caves | Encountered a Master Thief 3336 | -7/Lower Caves | Encountered a Master Thief 3337 | -7/Lower Caves | Spotted 4D-ZRU(f) 3338 | -7/Lower Caves | Encountered a Master Thief 3338 | -7/Lower Caves | Spotted 8W-ZOX(f) 3338 | -7/Lower Caves | Spotted WS-2MD(f) 3339 | -7/Lower Caves | Encountered a Master Thief 3339 | -7/Lower Caves | Encountered a Master Thief 3339 | -7/Lower Caves | Released all parts (11) 3340 | -7/Lower Caves | Adv. ECM Suite stolen by Master Thief 3342 | -7/Lower Caves | Prc. Grenade Launcher stolen by Master Thief 3342 | -7/Lower Caves | Mak. Hammer stolen by Master Thief 3342 | -7/Lower Caves | Airjet stolen by Master Thief 3363 | -7/Lower Caves | Destroyed D9-5CC(f) 3460 | -7/Lower Caves | Discovered new exit (range 13) 3466 | -7/Lower Caves | Entered Data Miner 3466 | -7/Data Miner | Discovered new exit (range 6) 3476 | -7/Data Miner | Met Data Miner 3484 | -7/Data Miner | Learned location of Section 7 (-2) 3484 | -7/Data Miner | Acquired the access code to Warlord's prototype stash 3490 | -7/Data Miner | Received God Mode back door access code from Data Miner 3497 | -7/Data Miner | Destroyed Data Miner 3500 | -7/Data Miner | Interfaced with the Data Conduit 3503 | -7/Data Miner | Found Prototype Hackware 3503 | -7/Data Miner | Identified Quantum Router 3504 | -7/Data Miner | Found Prototype Hackware 3504 | -7/Data Miner | Identified Ghost Barrier 3530 | -7/Data Miner | Entered Proximity Caves 3576 | -6/Proximity Caves | Attracted the attention of an 0b10 checkpoint 3613 | -6/Proximity Caves | Lost 3 parts (1n2u) 3632 | -6/Proximity Caves | Learned Factory stockpile data 3633 | -6/Proximity Caves | Learned Factory stockpile data 3673 | -6/Proximity Caves | Discovered new exit (range 15) 3680 | -6/Proximity Caves | Entered Factory 3680 | -6/Factory | Evolved 2 slots: Propulsion x1, Utility x1 3681 | -6/Factory | Identified exit to Extension 3683 | -6/Factory | Loaded intel: 295 machine locations 3684 | -6/Factory | Loaded intel: 4 garrison access locations 3808 | -6/Factory | Build established: Hacker-Mutant 3809 | -6/Factory | Entered Extension 3810 | -6/Extension | Loaded intel: 28 machine locations 3831 | -6/Extension | Rescued a captive Derelict 3832 | -6/Extension | Rescued a captive Derelict 4027 | -6/Extension | Rescued a captive Derelict 4028 | -6/Extension | Rescued a captive Derelict 4051 | -6/Extension | Rescued a captive Derelict 4561 | -6/Extension | Spotted B-75 Beast 4563 | -6/Extension | Spotted B-75 Beast 4594 | -6/Extension | Rescued A7 4604 | -6/Extension | Lost 4 parts (1p1n2u) 5042 | -6/Extension | Rescued a captive Derelict 5044 | -6/Extension | Rescued a captive Derelict 5073 | -6/Extension | Discovered new exit (range 10) 5074 | -6/Extension | Discovered new exit (range 6) 5081 | -6/Extension | Identified exit to Cetus 5082 | -6/Extension | Disrupted transfer network 5084 | -6/Extension | Entered Cetus 5084 | -6/Cetus | Accompanied by 3 allies (A7) 5085 | -6/Cetus | Loaded intel: 24 machine locations 5087 | -6/Cetus | System corruption reached 10% 5089 | -6/Cetus | Acquired a Cetus Manufacturing Module code from A7 5130 | -6/Cetus | Spotted Cetus Guard 5130 | -6/Cetus | Spotted Cetus Guard 5133 | -6/Cetus | Spotted Cetus Guard 5145 | -6/Cetus | Allies destroyed Cetus Guard 5153 | -6/Cetus | Allies destroyed Cetus Guard 5153 | -6/Cetus | Spotted Cetus Guard 5163 | -6/Cetus | Allies destroyed Cetus Guard 5172 | -6/Cetus | Allies destroyed Cetus Guard 5209 | -6/Cetus | System corruption reached 30% 5297 | -6/Cetus | Started Cetus Manufacturing Module 5298 | -6/Cetus | Door terminal overloaded 5314 | -6/Cetus | Escorted A7 to Cetus Mainframe 5322 | -6/Cetus | Manufactured an Enhanced Grunt 5324 | -6/Cetus | Cetus Manufacturing Module disabled 5338 | -6/Cetus | Discovered new exit (range 22) 5459 | -6/Cetus | Entered Archives 5459 | -6/Archives | Accompanied by 2 allies (A7) 5460 | -6/Archives | Loaded intel: 8 machine locations 5464 | -6/Archives | Received a hacking code to weaken MAIN.C 5488 | -6/Archives | Build established: Scavenger-Mutant 5566 | -6/Archives | Discovered new exit (range 22) 5586 | -6/Archives | Discovered new exit (range 22) 5607 | -6/Archives | Discovered new exit (range 21) 6188 | -6/Archives | Identified exit to Hub_04(d) 6191 | -6/Archives | Entered Hub_04(d) 6191 | -6/Hub_04(d) | Accompanied by 1 ally 6192 | -6/Hub_04(d) | Loaded intel: 113 machine locations 6238 | -6/Hub_04(d) | Discovered new exit (range 17) 6271 | -6/Hub_04(d) | Identified exit to Factory 6276 | -6/Hub_04(d) | Network Hub disabled 6278 | -6/Hub_04(d) | Entered Factory 6278 | -5/Factory | Accompanied by 1 ally 6278 | -5/Factory | Evolved 2 slots: Propulsion x1, Utility x1 6280 | -5/Factory | Loaded intel: 234 machine locations 6322 | -5/Factory | Identified exit to Upper Caves 6413 | -5/Factory | Lost 4 parts (2u2w) 6444 | -5/Factory | Found Corrupted Prototype Device 6444 | -5/Factory | Identified Active Sensor Suite 6445 | -5/Factory | System corruption reached 10% 6493 | -5/Factory | Crushed by falling debris 6493 | -5/Factory | Core integrity fell below 50% 6493 | -5/Factory | System corruption reached 30% 6515 | -5/Factory | Entered Upper Caves 6515 | -5/Upper Caves | Spotted 9S-EPR(f) 6516 | -5/Upper Caves | Encountered a Master Thief 6520 | -5/Upper Caves | Adv. Datajack stolen by Master Thief 6534 | -5/Upper Caves | Lost 13 parts (1p3n7u2w) 6551 | -5/Upper Caves | Learned Factory stockpile data 6627 | -5/Upper Caves | Attracted the attention of an 0b10 checkpoint 6680 | -5/Upper Caves | Core integrity fell below 20% 6718 | -5/Upper Caves | Build established: Mutant 6719 | -5/Upper Caves | Discovered new exit (range 5) 6720 | -5/Upper Caves | Entered another Upper Caves area 6744 | -5/Upper Caves | Encountered a Warlord checkpoint 6769 | -5/Upper Caves | Attracted the attention of an 0b10 checkpoint 6770 | -5/Upper Caves | Destroyed by G-50 Soldier with Heavy Laser Last Messages --------------- 06688_ System corrupted: Heat flow error (+268). 06719_ EXIT=FOUND LOCATION=UNKNOWN GOAL=ESCAPE 06727_ System corrupted: Component data lost. 06727_ VTOL Module destroyed. 06728_ Supersonic Drone Bay destroyed. 06742_ 6/3IQF0FMKH|>>I%7WMU